 Dungeon Crawl Stone Soup version 0.31-a0-875-g02e7d12df6 (webtiles) character file.

Game seed: 15267162485272586521

22085 Shayle the Cruncher (level 13, -5/99 HPs)
             Began as a Human Shapeshifter on Oct 13, 2023.
             Was a Follower of Ashenzari.
             Slain by a two-headed ogre
             ... wielding a +0 giant club
              (22 damage)
             ... on level 10 of the Dungeon.
             The game lasted 00:33:54 (11694 turns).

Shayle the Cruncher (Human Shapeshifter)           Turns: 11694, Time: 00:33:55

Health: -5/99      AC:  8    Str: 15    XL:     13   Next: 24%
Magic:  19/19      EV: 11    Int: 14    God:    Ashenzari [*.....]
Gold:   660        SH:  0    Dex: 14    Spells: 20/20 levels left

rFire   . . .        k - +5 lajatang (speed)
rCold   . . .        (shield currently unavailable)
rNeg    . . .        m - +2 ring mail
rPois   .            (helmet currently unavailable)
rElec   .            (cloak currently unavailable)
rCorr   +            (gloves currently unavailable)
SInv    .            (boots currently unavailable)
Will    +....        (no amulet)
Stlth   +            u - ring "Shattered Altruism" {Will+, Elem, Fort} (curse)
HPRegen 0.36/turn    E - ring "Scepticism of Ashenzari" {rCorr, Bglg, Dev} (curse)
MPRegen 0.16/turn

%: no passive effects
@: beast-form
A: beast (slay +4)
a: Begin Untransformation, Renounce Religion, Curse Item, Shatter the Chains


You were on level 10 of the Dungeon.
You worshipped Ashenzari.
Ashenzari was aware of your devotion.
You were a hulking beast.
You visited 4 branches of the dungeon, and saw 14 of its levels.

You collected 660 gold pieces.

Inventory:

Hand Weapons
 f - a +2 dagger of venom
 k - a +5 lajatang of speed (weapon)
 F - a +0 whip of distortion
Missiles
 h - 2 atropa-tipped darts
 p - 2 throwing nets
 G - 2 curare-tipped darts
 I - 44 poisoned darts (quivered)
Armour
 m - a +2 ring mail (worn)
 s - a +1 pair of boots
 w - a +0 leather armour of willpower
 C - +0 steam dragon scales
 K - a +0 troll leather armour
Jewellery
 a - a ring of flight
 u - the cursed ring "Shattered Altruism" (left hand) {Will+, Elem, Fort}
   (You found it on level 5 of the Dungeon)

   [ring of willpower]

   Will+:     It increases your willpower.
   It has a curse which improves the following skills: Elements: Fire Magic, Ice
   Magic, Air Magic and Earth Magic.
   Fortitude: Armour and Shields.
 E - the cursed ring "Scepticism of Ashenzari" (right hand) {rCorr, Bglg, Dev}
   (You took it off a kobold on level 8 of the Dungeon)

   [ring of resist corrosion]

   rCorr:     It protects you from acid and corrosion.
   It has a curse which improves the following skills: Beguiling: Conjurations,
   Hexes and Translocations.
   Devices:   Evocations and Shapeshifting.
Talismans
 c - a beast talisman (active)
 d - a flux talisman
 B - a serpent talisman
Wands
 q - a wand of acid (5)
 v - a wand of polymorph (5)
 x - a wand of mindburst (4)
 J - a wand of iceblast (1)
Scrolls
 g - 2 scrolls of fear
 i - 2 scrolls of teleportation
 y - a scroll of silence
 z - 2 scrolls of immolation
 D - 2 scrolls of identify
 H - 3 scrolls of vulnerability
 L - a scroll of amnesia
Potions
 b - 3 potions of lignification
 e - 6 potions of curing
 j - 3 potions of berserk rage
 l - 3 potions of mutation
 n - a potion of resistance
 o - a potion of enlightenment
 r - a potion of heal wounds
 t - a potion of haste
 A - a potion of ambrosia


   Skills:
 + Level 8.3 Fighting
 + Level 13.4 Staves
 - Level 7.5(8.3) Armour
 - Level 3.0 Dodging
 - Level 3.8 Unarmed Combat
 - Level 4.2 Spellcasting
 + Level 1.7(2.3) Fire Magic
 + Level 1.8(2.4) Ice Magic
 + Level 1.7(2.3) Air Magic
 + Level 1.7(2.3) Earth Magic
 + Level 9.3(10.1) Shapeshifting


You had 20 spell levels left.
You didn't know any spells.
Your spell library contained the following spells:

 Spells                   Type           Power      Damage    Failure   Level
 Kiss of Death            Conj/Necr      12%        2d6       32%         1
 Stone Arrow              Conj/Erth      12%        3d7       52%         3
 Confusing Touch          Hex            3%         N/A       67%         3
 Animate Armour           Summ/Erth      12%        N/A       90%         4
 Summon Lightning Spire   Summ/Air       6%         N/A       90%         4
 Dispel Undead            Necr           2%         3d7       97%         4
 Lee's Rapid Deconstruct  Erth           4%         3d5*      98%         5
 Lehudib's Crystal Spear  Conj/Erth      3%         10d2      100%        8


Dungeon Overview and Level Annotations

Branches:
Dungeon (11/15)            Temple (1/1) D:4            Lair (1/5) D:10
    Orc (1/2) D:9

Altars:
Ashenzari
Cheibriados
Dithmenos
Elyvilon
Fedhas
Gozag
Hepliaklqana
Kikubaaqudgha
Makhleb
Nemelex Xobeh
Okawaru
Qazlal
Ru
Sif Muna
Trog
Uskayaw
Vehumet
Wu Jian
Xom
Yredelemnul
Zin
The Shining One

Shops:
D:3 (   D:4 *

Annotations:
Temple 2 transporters


Message History

The sun demon disappears in a puff of smoke!
The orange demon disappears in a puff of smoke!
There is a stone staircase leading down here.
You barely miss the kobold demonologist.
The kobold demonologist is lightly wounded.
You barely miss the kobold demonologist.
The kobold demonologist is lightly wounded.
The kobold demonologist hits you with a +0 dagger.
You barely miss the kobold demonologist.
The kobold demonologist is lightly wounded.
You slice the kobold demonologist!!
The kobold demonologist is heavily wounded.
The kobold demonologist closely misses you.
You slash the kobold demonologist!
The kobold demonologist is severely wounded.
You slash the kobold demonologist!
You kill the kobold demonologist!
Things that are here:
a +0 dagger; a +0 robe; a kobold corpse You start resting.
HP restored.
Found a book of Iron.
The two-headed ogre shouts in stereo!
You see here a book of Iron.
You pick up a book of Iron and begin reading...
You add the spells Summon Lightning Spire and Lee's Rapid Deconstruction to your library.
The centaur warrior shouts!
The centaur warrior shoots an arrow.
The arrow hits you!!
You slice the two-headed ogre!!
The two-headed ogre is heavily wounded.
The centaur warrior shoots an arrow.
The arrow hits you!
The two-headed ogre hits you with a +0 giant club!!
The two-headed ogre misses you.
The two-headed ogre hits you with a +0 giant club! x2
* * * LOW HITPOINT WARNING * * *
You feel much better.
The two-headed ogre hits you with a +0 giant club!!
* * * LOW HITPOINT WARNING * * *
The two-headed ogre hits you with a +0 giant club!!
You die...

##...c............
##.................
##.............(....
##...................
##.....#.............§
##.....# #.............
##.....## ##..§§§.......
##......O###....§.§§.....
##.......h.#......§≈§.....
##.................§≈§.....
##..........................
##...........................
##>...........................
#..).......................O<.
##............................
##...........................
##............... ..o.§.....


You could see a two-headed ogre.

Vanquished Creatures
  2 two-headed ogres
  3 kobold demonologists
  2 trolls
  13 yaks
  5 humans (D:6)
  2 wyverns
  A wraith (D:10)
  2 steam dragons
  2 acid dragons
  2 water moccasins (D:5)
  An ogre (D:5)
  An ice beast (D:7)
  2 orc warriors
  A phantom (D:2)
  2 centaurs
  6 kobold brigands
  Blork the orc (D:5)
  3 bullfrogs
  A gnoll sergeant (D:9)
  3 scorpions
  12 wights
  18 killer bees
  2 electric eels (D:8)
  5 hounds
  A gnoll bouda (D:5)
  3 sleepcaps
  6 jellies
  2 orc priests
  2 iguanas (D:5)
  Natasha (thrice) (D:3 D:2)
  7 orc wizards
  7 adders
  22 gnolls
  2 shadow imps
  A white imp (D:7)
  3 ufetubi
  4 worms
  4 dart slugs (D:1)
  24 orcs
  8 endoplasms
  4 giant cockroaches
  6 hobgoblins
  8 jackals
  24 kobolds
  6 quokkas
  11 ball pythons
  3 bats
  4 frilled lizards
  7 goblins
  8 rats
272 creatures vanquished.

Notes
Turn   | Place    | Note
-------+----------+-------------------------------------------
     0 | D:1      | Shayle the Human Shapeshifter began the quest for the Orb.
     0 | D:1      | Reached XP level 1. HP: 15/15 MP: 1/1
    93 | D:1      | Reached XP level 2. HP: 21/21 MP: 2/2
   239 | D:1      | Reached XP level 3. HP: 26/26 MP: 3/3
   985 | D:2      | Noticed a phantom
  1007 | D:2      | Killed a phantom
  1008 | D:2      | Reached XP level 4. HP: 22/34 MP: 4/4
  1008 | D:2      | Reached XP level 5. HP: 26/39 MP: 5/5
  1341 | D:2      | Found a stormy altar of Qazlal.
  1608 | D:3      | Noticed Natasha
  1912 | D:3      | Killed Natasha
  1913 | D:3      | Reached XP level 6. HP: 37/46 MP: 6/6
  1921 | D:2      | Reached skill level 1 in Staves
  1921 | D:2      | Reached skill level 1 in Armour
  2152 | D:3      | Found Ablikkog's Antique Weapon Boutique.
  2242 | D:3      | Noticed Natasha
  2275 | D:3      | Killed Natasha
  2424 | D:3      | Noticed Natasha
  2433 | D:2      | Killed Natasha
  2434 | D:2      | Reached XP level 7. HP: 45/52 MP: 7/7
  2758 | D:3      | Reached skill level 2 in Staves
  2996 | D:4      | Found Sunodey's Gadget Gallery.
  3583 | D:4      | Found a staircase to the Ecumenical Temple.
  3599 | Temple   | Found a transporter.
  3599 | Temple   | Found a transporter.
  3599 | Temple   | Found a transporter.
  3599 | Temple   | Found a transporter.
  3599 | Temple   | Entered the Ecumenical Temple
  3613 | Temple   | Became a worshipper of Ashenzari the Shackled
  3929 | D:5      | Entered Level 5 of the Dungeon
  3974 | D:5      | Reached XP level 8. HP: 52/60 MP: 8/8
  4038 | D:5      | Reached skill level 3 in Staves
  4058 | D:5      | Reached skill level 5 in Shapeshifting
  4498 | D:5      | Reached skill level 4 in Staves
  4538 | D:5      | Reached skill level 5 in Fighting
  4624 | D:5      | Found a shimmering blue altar of Sif Muna.
  4624 | D:5      | Found a hide-covered altar of Uskayaw.
  4637 | D:5      | Noticed Blork the orc
  4650 | D:5      | Killed Blork the orc
  4710 | D:5      | Reached XP level 9. HP: 45/68 MP: 9/9
  5290 | D:6      | Reached skill level 5 in Staves
  5290 | D:6      | Reached skill level 5 in Armour
  5526 | D:6      | Reached XP level 10. HP: 44/77 MP: 10/10
  5916 | D:6      | Reached skill level 6 in Staves
  8212 | D:8      | Found a glowing golden altar of the Shining One.
  8232 | D:8      | Reached * piety under Ashenzari
  8233 | D:8      | Reached skill level 9 in Staves
  8233 | D:8      | Reached XP level 11. HP: 84/84 MP: 10/17
  8234 | D:8      | Reached skill level 13 in Staves
  8234 | D:8      | Reached XP level 12. HP: 91/91 MP: 10/18
  9781 | D:9      | You fall into a shaft and drop 1 floor!
  9781 | D:10     | Entered Level 10 of the Dungeon
  9815 | D:10     | Reached XP level 13. HP: 55/94 MP: 19/19
  9937 | D:10     | Found a staircase to the Lair.
  9965 | Lair:1   | Entered Level 1 of the Lair of Beasts
  9988 | D:9      | Found a staircase to the Orcish Mines.
 10600 | D:10     | Noticed a centaur warrior
 10759 | Orc:1    | Entered Level 1 of the Orcish Mines
 10775 | Orc:1    | Reached skill level 1 in Ice Magic
 10808 | D:9      | Reached skill level 1 in Fire Magic
 10808 | D:9      | Reached skill level 1 in Air Magic
 10808 | D:9      | Reached skill level 1 in Earth Magic
 11694 | D:10     | Slain by a two-headed ogre

Illustrated notes

Levels and vault maps discovered:
D:1:      evilmike_arrival_home_sweet_home, layout_rooms
D:2:      layout_basic, basic_altar, minmay_pentomino_q2
D:3:      layout_basic, serial_shops, nicolae_shop_rolling_square, uniq_natasha
D:4:      layout_loops_ring, temple_statues, nicolae_shop_gadgets
D:5:      layout_basic, gammafunk_temple_overflow_wave,
          minmay_fractal_squares_diagonal_5, uniq_blork_the_orc
D:6:      layout_loops_ring, minmay_ruffians
D:7:      layout_basic
D:8:      layout_basic, nicolae_tso_carved_into_rock
D:9:      layout_roguey, orc_david_3
D:10:     layout_big_octagon
D:11:     layout_stronghold, serial_park_tiny_2, grunt_livestock
Temple:   hellmonk_temple_divided_pantheon
Lair:1:   layout_long_grid, portal_ice_cave_entry_pillars_2,
          cheibrodos_lair_lostbears, grunt_megastairs_3
Orc:1:    layout_caves, bh_open_orc_temple

Skill      XL: |  1  2  3  4  5  6  7  8  9 10 11 12 13 |
---------------+----------------------------------------+-----
Fighting       | 2 3 4 5 6 7 8 |  8.3
Dodging        | 3 |  3.0
Staves         | 1 2 4 5 9 13 | 13.4
Armour         | 1 3 4 5 7 |  7.5
Shapeshifting  | 4 5 6 8 9 |  9.3
Spellcasting   | 4 |  4.2
Ice Magic      | 1 |  1.8
Fire Magic     | 1 |  1.7
Air Magic      | 1 |  1.7
Earth Magic    | 1 |  1.7
Unarmed Combat | |  3.8

Action                     |  1- 3 |  4- 6 |  7- 9 | 10-12 | 13-15 || total
---------------------------+-------+-------+-------+-------+-------++-------
  Melee: Unarmed           |   112 |    17 |       |       |       ||   129
         Punch             |     2 |       |       |       |       ||     2
         Lajatang          |       |   108 |   241 |   285 |   101 ||   735
  Throw: Dart              |       |       |       |     5 |       ||     5
 Invoke: Curse Item        |       |       |       |     2 |       ||     2
  Evoke: Wand              |       |       |       |     8 |    13 ||    21
    Use: Potion            |     1 |       |       |     4 |     1 ||     6
         Scroll            |       |     8 |     2 |     8 |     3 ||    21
   Stab: Sleeping          |     2 |     1 |       |       |       ||     3
 Armour: Animal skin       |    48 |     8 |       |       |       ||    56
         Skin              |     5 |     2 |       |    57 |       ||    64
         Ring mail         |       |    69 |   132 |   179 |    71 ||   451
  Dodge: Dodged            |    60 |    76 |   105 |   111 |    45 ||   397

Table legend: (Time is in decaauts)
 A = Elapsed time spent in this place.
 B = Non-inter-level travel time spent in this place.
 C = Inter-level travel time spent in this place.
 D = Time resting spent in this place.
 E = Time spent auto-exploring this place.
 F = Levels seen in this place.
 G = Mean time per level.
                   A        B        C        D        E       F      G
               +--------+--------+--------+--------+--------+-----+--------+
         Total |  11532 |  10681 |    851 |   3125 |   4455 |  14 |  823.7 |
       Dungeon |  11458 |  10608 |    850 |   3125 |   4441 |  11 | 1041.6 |
        Temple |     33 |     33 |      0 |      0 |      0 |   1 |   33.0 |
          Lair |      1 |      1 |      0 |      0 |      0 |   1 |    1.0 |
  Orcish Mines |     39 |     39 |      0 |      0 |     14 |   1 |   39.0 |
               +--------+--------+--------+--------+--------+-----+--------+

Top non-repeatable levels by time:
     D:9: 1652 daAuts
     D:2: 1497 daAuts
     D:6: 1472 daAuts
     D:8: 1287 daAuts
     D:5: 1231 daAuts
     D:7: 1042 daAuts
     D:3: 902 daAuts
     D:4: 893 daAuts
     D:1: 732 daAuts
    D:10: 582 daAuts
    D:11: 163 daAuts
   Orc:1: 39 daAuts
  Temple: 33 daAuts
  Lair:1: 1 daAuts
